[Event "Team 45 45 League T51"]
[Site "Internet Chess Club"]
[Date "2011.11.20"]
[Round "2"]
[White "pmcglothin"]
[Black "eurander"]
[Result "1/2-1/2"]
[WhiteElo "1957"]
[BlackElo "2175"]
[Opening "Caro-Kann: closed (Breyer) variation"]
[ECO "B10"]
[Time "11:00:38"]
[TimeControl "2700+45"]

1. e4 c6 2. d3 d5 3. Nd2 Nf6 4. Ngf3 Bg4 5. Be2 e6 6. O-O Be7 7. e5 Nfd7 8. d4
c5 9. c3 Nc6 10. Nb3 O-O 11. Be3 cxd4 12. cxd4 Rc8 13. Rc1 Qb6 14. h3 Bxf3 15.
Bxf3 Na5 16. Nxa5 Qxa5 17. Qb3 Qb4 18. Qxb4 Bxb4 19. Rxc8 Rxc8 20. Rc1 Rxc1+ 21.
Bxc1 Kf8 22. Be2 Nb8 23. Bd3 g6 24. Kf1 Ba5 25. Be3 a6 26. Ke2 Nc6 27. Bb1 Ke7
28. a3 Bb6 29. Kd3 f6 30. exf6+ Kxf6 31. Ba2 {Game drawn by mutual agreement}
1/2-1/2

[Event "Team 45 45 League T51"]
[Site "Internet Chess Club"]
[Date "2011.11.26"]
[Round "2"]
[White "SlimeDog2"]
[Black "PhaedrusZen"]
[Result "1-0"]
[WhiteElo "2084"]
[BlackElo "1965"]
[Opening "Neo-Grünfeld, 6.cd Nxd5, 7.O-O"]
[ECO "D74"]
[Time "15:04:08"]
[TimeControl "2700+45"]

1. d4 Nf6 2. c4 g6 3. Nf3 Bg7 4. g3 O-O 5. Bg2 d5 6. cxd5 Nxd5 7. O-O e6 8. e4
Nf6 9. Nc3 c5 10. dxc5 Qa5 11. Bf4 Rd8 12. Qe2 Qxc5 13. Rfd1 Nc6 14. Rxd8+ Nxd8
15. e5 Nd7 16. Rd1 Nc6 17. Ne4 Qa5 18. Nd6 Ndxe5 19. Nxe5 Bxe5 20. Nc4 {Black
resigns} 1-0

[Event "Team 45 45 League T51"]
[Site "Internet Chess Club"]
[Date "2011.11.18"]
[Round "2"]
[White "Portola"]
[Black "Egmont"]
[Result "0-1"]
[WhiteElo "1755"]
[BlackElo "1756"]
[Opening "Queen's bishop game"]
[ECO "D02"]
[Time "09:01:55"]
[TimeControl "2700+45"]

1. d4 d5 2. Nf3 Nf6 3. Bf4 c6 4. e3 Bf5 5. Bd3 Ne4 6. Nbd2 e6 7. Qe2 Bd6 8. Bg3
O-O 9. Bxd6 Nxd6 10. O-O Nd7 11. c3 Bxd3 12. Qxd3 c5 13. a4 h6 14. Rfe1 Qb6 15.
Qc2 Rac8 16. Rad1 cxd4 17. exd4 Rc7 18. Rb1 Rfc8 19. Qd1 Nc4 20. b3 Nxd2 21.
Qxd2 Rxc3 22. b4 Qc6 23. b5 Qc4 24. a5 Rc2 25. Qf4 Qa2 26. Ra1 Qb2 27. Rab1 Qa3
28. Ra1 Qb4 29. Reb1 Qc3 30. Ne1 Qd2 31. Qxd2 Rxd2 32. Nf3 Rdc2 33. Kf1 Nf6 34.
Ne1 R2c3 35. f3 R3c4 36. Rd1 Kf8 37. b6 axb6 38. axb6 Rb4 39. Nd3 Rxb6 40. Nc5
Rb4 41. Rab1 Rxb1 42. Rxb1 Rc7 43. Nxb7 Nd7 44. f4 Rc4 45. Rd1 Ke7 46. Na5 Ra4
47. Nc6+ Kf6 48. g3 Nb6 49. Ne5 Nc4 50. Rd3 Ra1+ 51. Kg2 Ra2+ 52. Kh3 Nd2 53. g4
Ne4 {White forfeits on time} 0-1

[Event "Team 45 45 League T51"]
[Site "Internet Chess Club"]
[Date "2011.11.20"]
[Round "2"]
[White "JWB"]
[Black "rubo"]
[Result "1/2-1/2"]
[WhiteElo "1636"]
[BlackElo "1685"]
[Opening "English: symmetrical, main line with d4"]
[ECO "A39"]
[Time "14:00:36"]
[TimeControl "2700+45"]

1. c4 c5 2. Nc3 Nf6 3. Nf3 g6 4. g3 Bg7 5. Bg2 Nc6 6. O-O O-O 7. d4 cxd4 8. Nxd4
d6 9. Nxc6 bxc6 10. Bxc6 Rb8 11. Bg2 Qa5 12. e4 Ng4 13. Nd5 Re8 14. b4 Qd8 15.
Rb1 Ne5 16. Ne3 Qc7 17. Qe2 Be6 18. Bd2 Bxc4 19. Nxc4 Qxc4 20. Qd1 Qxa2 21. Be3
Nc4 22. Re1 Bc3 23. Re2 Nxe3 24. Rxa2 Nxd1 25. Rxd1 Bxb4 26. Rxa7 Kf8 27. Rd7
Bc5 28. Rd2 Rb1+ 29. Bf1 Ra8 30. Kg2 Raa1 31. Rd8+ Kg7 32. Bd3 Rg1+ 33. Kf3 h5
34. h4 Ra3 35. Rb8 Rf1 36. Kg2 Re1 37. Rbb2 {Game drawn by mutual agreement}
1/2-1/2

[Event "Team 45 45 League T51"]
[Site "Internet Chess Club"]
[Date "2011.11.20"]
[Round "2"]
[White "g8wrb"]
[Black "philosopherking"]
[Result "0-1"]
[WhiteElo "1412"]
[BlackElo "1507"]
[Opening "French: Tarrasch, open variation, main line"]
[ECO "C09"]
[Time "13:06:50"]
[TimeControl "2700+45"]

1. e4 e6 2. d4 d5 3. Nd2 c5 4. exd5 exd5 5. Ngf3 Nc6 6. dxc5 Bxc5 7. Nb3 Bb6 8.
Bd3 Qe7+ 9. Qe2 Qxe2+ 10. Bxe2 Nb4 11. Bb5+ Kf8 12. Nfd4 Ne7 13. O-O Nf5 14. c3
Nxd4 15. Nxd4 Bxd4 16. cxb4 f6 17. Rd1 Be5 18. Rxd5 Be6 19. Rd2 Kf7 20. Bd7 Bc4
21. a4 Rhd8 22. Ra3 Ke7 23. Bb5 Bxb5 24. axb5 Bxb2 25. Re3+ Kf7 26. Red3 Rxd3
27. Rxd3 Bxc1 28. Rd7+ Kg6 29. Rxb7 Ba3 30. b6 axb6 31. Rxb6 Bxb4 32. g3 Bc3 33.
Rc6 Ra1+ 34. Kg2 Bd4 35. Rc2 Rb1 36. Rd2 Bb6 37. Re2 Rb5 38. Kf3 h5 39. h4 Rf5+
40. Kg2 Bxf2 41. Rxf2 Rxf2+ 42. Kxf2 Kf5 43. Kf3 g6 44. Kg2 Kg4 45. Kf2 g5 46.
hxg5 fxg5 47. Kg2 Kf5 48. Kf3 g4+ 49. Ke3 Ke5 50. Kd3 Kf5 51. Ke2 Ke4 52. Kf2
Kd3 53. Kg1 Ke3 54. Kg2 Ke2 55. Kg1 Kf3 56. Kh2 Kf2 57. Kh1 Kxg3 {White resigns}
0-1

[Event "Team 45 45 League T51"]
[Site "Internet Chess Club"]
[Date "2011.11.20"]
[Round "2"]
[White "BenjaminSisko"]
[Black "AtomicDog"]
[Result "1-0"]
[WhiteElo "1474"]
[BlackElo "1417"]
[Opening "Sicilian: Grand Prix attack"]
[ECO "B23"]
[Time "10:00:51"]
[TimeControl "2700+45"]

1. e4 c5 2. Nc3 Nc6 3. f4 e6 4. Nf3 d5 5. Bb5 Ne7 6. exd5 exd5 7. Qe2 g6 8.
Bxc6+ bxc6 9. O-O Bg7 10. Re1 Be6 11. Ng5 Qd6 12. Nxe6 fxe6 13. d3 Kd7 14. Na4
Rhf8 15. g3 Rf7 16. Be3 d4 17. Bd2 Raf8 18. b3 Nd5 19. Nb2 Re8 20. Nc4 Qb8 21.
Ne5+ Bxe5 22. Qxe5 Rf5 23. Qxb8 Rxb8 24. Re4 Re8 25. Rae1 h6 26. g4 Rf6 27. Kg2
Ref8 28. Kg3 g5 29. fxg5 hxg5 30. Bxg5 Rg6 31. h4 {Black resigns} 1-0

[Event "Team 45 45 League T51"]
[Site "Internet Chess Club"]
[Date "2011.11.22"]
[Round "2"]
[White "Dracoac"]
[Black "Kingofknights"]
[Result "1-0"]
[WhiteElo "1679"]
[BlackElo "1759"]
[Opening "Queen's pawn game, Darooha variation "]
[ECO "D11"]
[Time "18:34:12"]
[TimeControl "2700+45"]

1. Nf3 d5 2. d4 Nf6 3. c4 c6 4. Qb3 Qb6 5. c5 Qc7 6. g3 Nbd7 7. Bf4 Qd8 8. Nc3
b6 9. cxb6 axb6 10. Bg2 e6 11. O-O c5 12. Rfd1 Be7 13. Nb5 O-O 14. Bc7 Qe8 15.
Nd6 Bxd6 16. Bxd6 c4 17. Qb4 Qd8 18. Bxf8 Nxf8 19. b3 Bd7 20. Ne5 Be8 21. a4
cxb3 22. Qxb3 N8d7 23. Nc6 Qc7 24. Rdc1 Qb7 25. a5 b5 26. Nb4 Nb8 27. Ra2 g6 28.
Rca1 Nc6 29. a6 Qb6 30. e3 Bd7 31. Nd3 Na7 32. Ne5 Be8 33. Qb4 Rc8 34. Qe7 Nh5
35. Qb7 Qc7 36. Bf1 Nf6 37. Bd3 Nd7 38. Rc2 {Black resigns} 1-0

[Event "Team 45 45 League T51"]
[Site "Internet Chess Club"]
[Date "2011.11.20"]
[Round "2"]
[White "KnightOfCydonia"]
[Black "moomaster"]
[Result "1-0"]
[WhiteElo "1748"]
[BlackElo "1588"]
[Opening "Richter-Veresov attack"]
[ECO "D01"]
[Time "13:01:09"]
[TimeControl "2700+45"]

1. d4 d5 2. Nc3 Nf6 3. Bg5 e6 4. Nf3 Nbd7 5. a3 h6 6. Bh4 Be7 7. b4 a5 8. b5 a4
9. e3 c5 10. bxc6 bxc6 11. Bd3 O-O 12. O-O c5 13. h3 Ba6 14. Nxa4 c4 15. Be2 Qa5
16. c3 Bb5 17. Nc5 Nxc5 18. dxc5 Ba4 19. Qd4 Bxc5 20. Qe5 Ne4 21. Nd4 Bd6 22.
Qh5 Qxc3 23. Bg4 Kh7 24. Nxe6 fxe6 25. Bxe6 Qe5 26. Qxe5 Bxe5 27. Bxd5 Bxa1 28.
Bxe4+ g6 29. Bxa8 Rg8 30. Rxa1 Rxa8 31. Bf6 Rc8 32. Rc1 Bb3 33. Bc3 Kg8 34. f3
Kf7 35. Kf2 Ke6 36. g4 Rd8 37. h4 Rd3 38. h5 gxh5 39. gxh5 Kf5 40. Bb4 Kg5 41.
Rh1 c3 42. e4 c2 43. Kg3 Kf6 44. Kg2 Rd1 45. Bc3+ Kf7 46. Bb2 Rb1 47. Bc1 Bc4
48. Kf2 Ke6 49. Re1 Kf6 50. Bxh6 Bf7 51. Rc1 Rxc1 52. Bxc1 Bxh5 53. a4 Ke6 54.
Ke3 Kd6 55. f4 Bf7 56. Kd4 Kc6 57. Kc3 Kc5 58. Be3+ Kc6 59. Kxc2 Kb7 60. Kc3
{Black resigns} 1-0

[Event "Team 45 45 League T51"]
[Site "Internet Chess Club"]
[Date "2011.11.20"]
[Round "2"]
[White "nosir"]
[Black "LanceLegal"]
[Result "0-1"]
[WhiteElo "1510"]
[BlackElo "1548"]
[Opening "Queen's bishop game"]
[ECO "D00"]
[Time "14:00:34"]
[TimeControl "2700+45"]

1. d4 d5 2. Bf4 Nf6 3. Nf3 Nbd7 4. e3 e6 5. Bd3 c5 6. c3 c4 7. Bc2 Be7 8. O-O h6
9. h3 b5 10. Nbd2 Bb7 11. Ne5 Nxe5 12. Bxe5 O-O 13. Qf3 Ne4 14. Nxe4 dxe4 15.
Bxe4 Bxe4 16. Qxe4 a5 17. Qc6 Qd5 18. Qxd5 exd5 19. g4 f5 20. f3 g6 21. Rae1 Bh4
22. Re2 Rae8 23. e4 fxe4 24. fxe4 Rxf1+ 25. Kxf1 Rf8+ 26. Kg1 dxe4 27. Kg2 Rf3
28. d5 Rd3 29. Bd4 Rg3+ 30. Kh2 Rd3 31. d6 Bg3+ 32. Kg2 Bxd6 33. Bb6 a4 34. Rxe4
Rd2+ 35. Kf3 Rxb2 36. Rd4 Be5 37. Rd8+ Kf7 38. Rd7+ Ke6 39. Rd1 Bxc3 40. a3 Rb3
41. Bc5 Bb4+ 42. Be3 Bxa3 43. Ke4 Bb2 44. Bf4 Rd3 45. Rxd3 cxd3 46. Kxd3 h5 47.
gxh5 gxh5 48. h4 Kd5 49. Kc2 a3 50. Kb3 Ke4 51. Bg5 Kd3 52. Be7 Ke2 53. Bg5 Kd1
54. Be7 Ke2 55. Bg5 Kf3 56. Bh6 Kg4 57. Bg5 b4 58. Be7 Bc3 59. Bd8 Be1 60. Be7
Bxh4 61. Bxb4 Bg3 62. Be7 Bh4 63. Bd6 Bg5 64. Kxa3 h4 65. Kb2 Bf4 66. Bc5 Kf3
67. Bg1 Kg2 {White resigns} 0-1

[Event "Team 45 45 League T51"]
[Site "Internet Chess Club"]
[Date "2011.11.20"]
[Round "2"]
[White "Skylab"]
[Black "Luckydawg"]
[Result "0-1"]
[WhiteElo "1324"]
[BlackElo "1451"]
[Opening "Queen's pawn game"]
[ECO "E67"]
[Time "22:00:22"]
[TimeControl "2700+45"]

1. Nf3 Nf6 2. d4 d6 3. g3 g6 4. Bg2 Bg7 5. O-O O-O 6. c4 Nbd7 7. Nc3 c5 8. e3
Rb8 9. Re1 b6 10. Rb1 Bb7 11. d5 Ng4 12. Bd2 Nge5 13. e4 Nxc4 14. Qe2 Nxd2 15.
Qxd2 a6 16. a3 b5 17. Nd1 Nb6 18. Ne3 Bh6 19. Qc2 Bg7 20. Rbd1 Rc8 21. Qb1 Rc7
22. Ng4 Bc8 23. Ne3 Na4 24. Re2 a5 25. Nf1 Ba6 26. Rc2 b4 27. axb4 axb4 28. Qa2
Bb5 29. N1d2 Qd7 30. Bf1 Bxf1 31. Nxf1 Ra8 32. b3 Nb6 33. Qb1 Rca7 34. Qc1 Ra3
35. Rd3 Qb5 36. Qd2 Nd7 37. Qe2 Ra1 38. Kg2 Ne5 39. Nxe5 Bxe5 40. Ne3 R1a2 41.
Rxa2 Rxa2 42. Qxa2 Qxd3 43. Qc2 Qxc2 44. Nxc2 g5 45. Kf3 Kg7 46. Ke3 g4 47. Kd3
Kf6 48. Ne3 h5 49. Nc4 Bd4 50. Ne3 Bxe3 51. fxe3 Ke5 52. Kd2 Kxe4 {White
resigns} 0-1

[Event "Team 45 45 League T51"]
[Site "Internet Chess Club"]
[Date "2011.11.20"]
[Round "2"]
[White "Ayensa80"]
[Black "justice02"]
[Result "0-1"]
[WhiteElo "1729"]
[BlackElo "1765"]
[Opening "Neo-Grünfeld defense"]
[ECO "D70"]
[Time "14:30:17"]
[TimeControl "2700+45"]

1. d4 Nf6 2. c4 d5 3. Nf3 g6 4. Bg5 Bg7 5. e3 O-O 6. Nc3 c6 7. Bd3 Nbd7 8. O-O
Re8 9. Rc1 e5 10. dxe5 Nxe5 11. Nxe5 Rxe5 12. Bf4 Re8 13. Qb3 d4 14. Ne2 dxe3
15. Bxe3 Ng4 16. Bf4 Qb6 17. Rc2 Qxb3 18. axb3 Ne5 19. Be4 f5 20. Bxe5 Bxe5 21.
Bd3 Be6 22. Re1 Rad8 23. Nc1 Bf6 24. Rce2 Bf7 25. b4 Kf8 26. Rxe8+ Rxe8 27.
Rxe8+ Kxe8 28. b3 Kd7 29. f4 Bd4+ 30. Kf1 Be3 31. Ne2 Bd2 32. b5 c5 33. Kf2 h5
34. g3 Ke7 35. Ng1 h4 36. Nf3 hxg3+ 37. hxg3 Bc3 38. Bf1 Kd6 39. Bg2 a5 40. Ng5
Bxc4 41. bxc4 a4 42. Be4 Bd4+ 43. Ke2 fxe4 44. Nxe4+ Ke6 45. Kd3 a3 46. Nc3 b6
47. g4 Bf6 48. Na2 g5 49. f5+ Ke5 50. Ke3 Be7 51. Nc1 Bd6 52. Nd3+ Kf6 53. Nc1
Bf4+ {White resigns} 0-1

[Event "Team 45 45 League T51"]
[Site "Internet Chess Club"]
[Date "2011.11.17"]
[Round "2"]
[White "ScotchYeti"]
[Black "powerchess1"]
[Result "1-0"]
[WhiteElo "1667"]
[BlackElo "1593"]
[Opening "French: Two knights variation"]
[ECO "C00"]
[Time "16:00:29"]
[TimeControl "2700+45"]

1. e4 e6 2. Nf3 d5 3. Nc3 Nf6 4. e5 Nfd7 5. d4 c5 6. dxc5 Nc6 7. Bf4 Bxc5 8. Bd3
f6 9. exf6 Nxf6 10. O-O a6 11. Qd2 O-O 12. h3 Bd7 13. Rae1 Nb4 14. Ne5 Nxd3 15.
Nxd3 Bb6 16. Ne5 Qe7 17. Nxd7 Qxd7 18. Qd3 Rae8 19. Be5 Qf7 20. Bd6 d4 21. Ne4
Nxe4 22. Rxe4 Qd7 23. Bxf8 Rxf8 24. Qb3 Ba7 25. Qxe6+ Qxe6 26. Rxe6 Kf7 27. Rfe1
Rc8 28. Re7+ Kf8 29. Rxb7 Bb8 30. g3 Bd6 31. Re2 Bc5 32. b4 Bd6 33. Rb6 Be7 34.
a3 a5 35. bxa5 Bxa3 36. a6 Bc5 37. Rb7 Ra8 38. Re6 h6 39. Rc6 Ba7 40. Rcc7 d3
41. cxd3 Bd4 42. a7 {Black resigns} 1-0

[Event "Team 45 45 League T51"]
[Site "Internet Chess Club"]
[Date "2011.11.20"]
[Round "2"]
[White "julesraider"]
[Black "elessar"]
[Result "1-0"]
[WhiteElo "1530"]
[BlackElo "1583"]
[Opening "QGD Slav: Steiner variation"]
[ECO "D16"]
[Time "17:00:22"]
[TimeControl "2700+45"]

1. d4 d5 2. c4 c6 3. Nc3 Nf6 4. Nf3 dxc4 5. a4 Bg4 6. e3 e6 7. Bxc4 Bb4 8. O-O
O-O 9. h3 Bh5 10. Be2 h6 11. Qc2 Bg6 12. Bd3 Bxd3 13. Qxd3 Qc7 14. Na2 Bd6 15.
Bd2 e5 16. dxe5 Bxe5 17. Nxe5 Qxe5 18. Qb3 Qc7 19. Rac1 Nbd7 20. Rfd1 Rad8 21.
Nc3 Nc5 22. Qc4 Nd3 23. Rb1 Qe5 24. b3 Qf5 25. Qh4 Rfe8 26. f3 Qe6 27. Ne2 c5
28. e4 Nb4 29. Nf4 Qb6 30. Qf2 g5 31. Bxb4 Rxd1+ 32. Rxd1 Qxb4 33. Qb2 Qb6 34.
Nd5 Nxd5 35. Rxd5 c4+ 36. Kh1 Qxb3 37. Qf6 Qe3 38. Rf5 {Black forfeits on time}
1-0

[Event "Team 45 45 League T51"]
[Site "Internet Chess Club"]
[Date "2011.11.20"]
[Round "2"]
[White "cepheid"]
[Black "JohLeb"]
[Result "1/2-1/2"]
[WhiteElo "1535"]
[BlackElo "1458"]
[Opening "Sicilian: Alapin's variation (2.c3)"]
[ECO "B22"]
[Time "12:00:29"]
[TimeControl "2700+45"]

1. e4 c5 2. c3 Nc6 3. d4 cxd4 4. cxd4 e6 5. Nf3 d6 6. Nc3 Be7 7. a3 a6 8. Bd3
Nf6 9. Qc2 h6 10. O-O Nh7 11. Be3 Ng5 12. Qe2 Nxf3+ 13. Qxf3 Qb6 14. Ne2 Qb3 15.
Rfd1 Bf6 16. Rd2 e5 17. d5 Nd4 18. Nxd4 exd4 19. Bf4 Qb6 20. Qg3 O-O 21. Bxd6
Re8 22. Rc1 Bh4 23. Qxh4 Qxd6 24. Qg3 Qxg3 25. hxg3 f5 26. f3 fxe4 27. Bxe4 Rb8
28. Rxd4 b5 29. Rc7 Rd8 30. d6 Be6 31. Bd5 Rxd6 32. Bxe6+ Rxe6 33. Rcd7 Kh7 34.
R7d6 Rxd6 35. Rxd6 a5 36. Kf2 Rc8 37. Rd2 Rc6 38. g4 Kg6 39. f4 Kf6 40. Kf3 g6
41. Rd5 Rb6 42. Ke4 Re6+ 43. Kd3 Rb6 44. Kd4 Re6 45. Rxb5 Re2 46. g3 Rg2 47. Rb3
a4 48. Rb6+ Kf7 49. f5 Rxg3 50. Rxg6 Rb3 51. Rxh6 Rxb2 52. Ra6 Rg2 53. Ke5 Rxg4
54. Ra7+ Ke8 55. f6 Kf8 56. Rd7 Rg3 57. Rd8+ Kf7 58. Rd7+ Kf8 59. Rd8+ Kf7 60.
Rd7+ Kf8 61. Rd8+ Kf7 62. Rd7+ Kf8 {Game drawn by repetition} 1/2-1/2

[Event "Team 45 45 League T51"]
[Site "Internet Chess Club"]
[Date "2011.11.20"]
[Round "2"]
[White "rahulr"]
[Black "kidviper"]
[Result "0-1"]
[WhiteElo "1643"]
[BlackElo "1991"]
[Opening "King's Indian: Petrosian system, Stein variation"]
[ECO "E92"]
[Time "13:00:48"]
[TimeControl "2700+45"]

1. d4 Nf6 2. c4 g6 3. Nc3 Bg7 4. e4 d6 5. Nf3 O-O 6. Be2 e5 7. d5 a5 8. Bd2 Na6
9. a3 Nc5 10. Qc2 Nh5 11. O-O f5 12. b4 Nxe4 13. Nxe4 fxe4 14. Ng5 Nf4 15. Bxf4
exf4 16. Ne6 Bxe6 17. dxe6 Bxa1 18. Rxa1 Qf6 19. Rb1 f3 20. Bf1 Qxe6 21. c5 d5
22. bxa5 Rxa5 23. Rxb7 Qc6 24. Qb2 {White resigns} 0-1

[Event "Team 45 45 League T51"]
[Site "Internet Chess Club"]
[Date "2011.11.21"]
[Round "2"]
[White "RD1974"]
[Black "Zugzwanged"]
[Result "0-1"]
[WhiteElo "1702"]
[BlackElo "1692"]
[Opening "Réti opening"]
[ECO "A05"]
[Time "17:07:49"]
[TimeControl "2700+45"]

1. Nf3 Nf6 2. g3 d5 3. Bg2 c6 4. h3 Nbd7 5. O-O e5 6. d3 Bc5 7. e3 e4 8. dxe4
Nxe4 9. Nd4 Ndf6 10. c3 O-O 11. Nd2 Re8 12. Qe2 Qc7 13. Nxe4 Nxe4 14. Qf3 g6 15.
Nb3 Bd6 16. Kh2 Re6 17. Kg1 Rf6 18. Qe2 Bxg3 19. Bxe4 Bh2+ 20. Kg2 dxe4 21. f4
exf3+ 22. Rxf3 Rxf3 23. Qxf3 c5 24. Nd2 Bd7 25. Nf1 Bd6 26. e4 Re8 27. Bh6 Bf8
28. Bxf8 Kxf8 29. Nd2 Bc6 30. Kg1 Qe5 31. Re1 Kg7 32. Re2 f5 33. Qe3 fxe4 34.
Nc4 Qe6 35. Qxc5 b6 36. Qd4+ Kg8 37. Re3 Qd5 38. Nd6 Qxd4 39. cxd4 Rd8 40. Nxe4
Rxd4 41. Nc3 Kf7 42. Re2 Rd3 43. Rf2+ Rf3 44. Rh2 Kf6 45. a3 g5 46. Ne2 Ke5 47.
h4 g4 48. h5 Rh3 49. Rxh3 gxh3 50. Kh2 Bd7 51. Kg3 Kf6 52. b4 Kg5 53. Nc3 Kxh5
54. a4 Kg5 55. a5 b5 56. Ne4+ Kf5 57. Nc5 Bc8 58. Kxh3 Ke5+ 59. Kg3 Kd4 60. Nb3+
Kc3 61. Nc5 Kxb4 62. Ne4 Kxa5 63. Nd6 Be6 64. Kf2 Kb4 65. Ke2 a5 66. Kd2 h5 67.
Kc2 h4 68. Kb2 h3 69. Ne4 h2 70. Nf2 Bf5 71. Ka2 Kc3 72. Ka3 b4+ 73. Ka2 b3+ 74.
Ka3 h1=Q 75. Nxh1 b2 76. Ng3 b1=Q 77. Ne2+ Kc4 78. Nc1 Bh7 {White resigns} 0-1

[Event "Team 45 45 League T51"]
[Site "Internet Chess Club"]
[Date "2011.11.20"]
[Round "2"]
[White "Euclid"]
[Black "kidcobra"]
[Result "1-0"]
[WhiteElo "1654"]
[BlackElo "1578"]
[Opening "King's Indian: orthodox, 7...Nbd7"]
[ECO "E94"]
[Time "13:00:37"]
[TimeControl "2700+45"]

1. d4 Nf6 2. c4 g6 3. Nc3 Bg7 4. e4 d6 5. Nf3 O-O 6. Be2 e5 7. O-O Nbd7 8. Be3
b6 9. Qc2 Bb7 10. d5 c5 11. dxc6 Bxc6 12. Rad1 Qc7 13. Qd3 Nc5 14. Qxd6 Qxd6 15.
Rxd6 Bxe4 16. Bxc5 bxc5 17. Rxf6 Bxf6 18. Nxe4 Be7 19. Nxe5 f5 20. Nc6 fxe4 21.
Nxe7+ Kf7 22. Nd5 Kg8 23. b3 a5 24. Bd1 Rad8 25. Bc2 Rde8 26. Re1 Kg7 27. Rxe4
Rxe4 28. Bxe4 Re8 29. Nc3 Kf6 30. Kf1 Ke5 31. Ke2 Kd4 32. Nb5+ Ke5 33. Bd5 Kf4+
34. Kd2 Rd8 35. Na7 Kg5 36. Nc6 Ra8 37. Nd4 Rc8 38. Ne6+ Kf6 39. Bb7 Re8 40.
Nxc5 Rd8+ 41. Bd5 Rc8 42. Nb7 Ra8 43. f4 Ra7 44. c5 a4 45. bxa4 Rxa4 46. c6 Rd4+
47. Ke3 Rd1 48. Bc4 Ke7 49. a4 Rc1 50. Kd4 Rd1+ 51. Kc5 Ra1 52. c7 Kd7 53. Kb6
Rb1+ 54. Bb5+ Rxb5+ 55. axb5 g5 56. Nd6 gxf4 57. c8=Q+ Kxd6 {Black resigns} 1-0

[Event "Team 45 45 League T51"]
[Site "Internet Chess Club"]
[Date "2011.11.19"]
[Round "2"]
[White "chicopee-ed"]
[Black "Slipanov"]
[Result "1-0"]
[WhiteElo "1359"]
[BlackElo "1364"]
[Opening "Queen's pawn game"]
[ECO "D04"]
[Time "12:00:31"]
[TimeControl "2700+45"]

1. d4 Nf6 2. Nf3 d5 3. e3 Bg4 4. c4 c6 5. h3 Bxf3 6. Qxf3 e6 7. Bd3 Be7 8. Nc3
Nbd7 9. O-O e5 10. Qe2 e4 11. Bc2 O-O 12. cxd5 cxd5 13. f3 Re8 14. fxe4 dxe4 15.
Nxe4 Bb4 16. Nxf6+ Nxf6 17. Qb5 Qc7 18. Bxh7+ Nxh7 19. Qxb4 Ng5 20. Qe1 Re6 21.
Qh4 Ne4 22. Qf4 Qd7 23. Qg4 Qe7 24. Rf4 Re8 25. Qf3 g5 26. Rg4 Qb4 27. Qe2 Rf6
28. Rxe4 Rxe4 29. Bd2 Qxb2 30. Rc1 Rc6 31. Rf1 Qxa2 32. Qf3 Re7 33. d5 Rc2 34.
Qf6 Kf8 35. Qh8# {Black checkmated} 1-0

[Event "Team 45 45 League T51"]
[Site "Internet Chess Club"]
[Date "2011.11.21"]
[Round "2"]
[White "katikus"]
[Black "Giacometti"]
[Result "1-0"]
[WhiteElo "1790"]
[BlackElo "1636"]
[Opening "Caro-Kann: Panov-Botvinnik attack"]
[ECO "B13"]
[Time "19:30:13"]
[TimeControl "2700+45"]

1. e4 c6 2. d4 d5 3. exd5 cxd5 4. c4 Nf6 5. Nf3 Nc6 6. Nc3 Bg4 7. cxd5 Nxd5 8.
Qb3 Bxf3 9. gxf3 Nb6 10. Be3 e6 11. O-O-O Qf6 12. d5 exd5 13. Bxb6 axb6 14. Nxd5
Qh6+ 15. Kb1 O-O-O 16. Nxb6+ Kc7 17. Rxd8 Nxd8 18. Bd3 Bc5 19. Na4 Ne6 20. Rc1
Qg5 21. Qb6+ Kb8 22. Nxc5 Nxc5 23. Qxc5 Qd2 {Black resigns} 1-0

[Event "Team 45 45 League T51"]
[Site "Internet Chess Club"]
[Date "2011.11.20"]
[Round "2"]
[White "nursey"]
[Black "AVEMARIA"]
[Result "0-1"]
[WhiteElo "1532"]
[BlackElo "1653"]
[Opening "French: advance variation"]
[ECO "C02"]
[Time "13:30:55"]
[TimeControl "2700+45"]

1. e4 e6 2. d4 d5 3. e5 c5 4. c3 Qb6 5. Nf3 Nc6 6. Be2 cxd4 7. cxd4 Bb4+ 8. Nc3
Bd7 9. O-O Bxc3 10. bxc3 Nge7 11. Bg5 O-O 12. Rb1 Qc7 13. Bb5 h6 14. Bh4 a6 15.
Ba4 Ng6 16. Bg3 b5 17. Bc2 Na5 18. Bxg6 fxg6 19. Qc2 Rac8 20. Rfc1 Be8 21. Nd2
g5 22. a3 Qe7 23. Qb2 Bg6 24. Qb4 Qxb4 25. Rxb4 Nc6 26. Rb2 Nxd4 27. Nb3 Nxb3
28. Rxb3 Rc4 29. f3 d4 30. Bf2 Rd8 31. Kf1 Rd5 32. Ke2 Rxe5+ 33. Kd2 d3 34. Be3
Rd5 35. Rf1 h5 36. h3 g4 37. hxg4 hxg4 38. f4 Be4 39. g3 Rh5 40. Bd4 Rh3 41. Re1
Rh2+ 42. Ke3 Bf5 43. Rb4 Rg2 44. Rxc4 bxc4 45. Bc5 Rxg3+ 46. Kd4 Rf3 47. Kxc4
Rxf4+ 48. Kb3 g3 49. Be3 Rf3 50. Bd4 d2 51. Rd1 Rd3 52. Kb4 Bg4 53. Rg1 d1=Q 54.
Rxd1 Rxd1 55. Ka5 Be2 56. a4 g2 {White resigns} 0-1

[Event "Team 45 45 League T51"]
[Site "Internet Chess Club"]
[Date "2011.11.20"]
[Round "2"]
[White "Warpdrive"]
[Black "Kristian1974"]
[Result "1-0"]
[WhiteElo "1621"]
[BlackElo "1598"]
[Opening "Sicilian: dragon, classical, Richter variation"]
[ECO "B72"]
[Time "15:32:28"]
[TimeControl "2700+45"]

1. e4 c5 2. Nf3 d6 3. d4 cxd4 4. Nxd4 Nf6 5. Nc3 g6 6. Be2 Bg7 7. Be3 Nc6 8. Qd2
O-O 9. O-O Bd7 10. f3 Ne5 11. Nd5 e6 12. Nxf6+ Bxf6 13. f4 Nc6 14. c3 e5 15.
Nxc6 Bxc6 16. Bf3 Qd7 17. Rad1 Rfd8 18. fxe5 Bxe5 19. Bd4 Bg7 20. Qf4 Qe6 21. b3
h5 22. Rf2 Rd7 23. Bxg7 Kxg7 24. g4 h4 25. Rfd2 Rad8 26. g5 Qe5 27. Qxh4 Qxc3
28. Kg2 Rh8 29. Qf4 Qa5 30. Qf6+ Kg8 31. Rxd6 Qxa2+ 32. R1d2 Rxd6 33. Qxd6 Qxb3
34. Qf6 Qb6 35. Rd8+ Qxd8 36. Qxd8+ Kh7 37. Qf6 a5 38. Qxf7# {Black checkmated}
1-0

[Event "Team 45 45 League T51"]
[Site "Internet Chess Club"]
[Date "2011.11.20"]
[Round "2"]
[White "Xanther"]
[Black "Gr8gunz"]
[Result "1-0"]
[WhiteElo "1562"]
[BlackElo "1416"]
[Opening "Sicilian: Alapin's variation (2.c3)"]
[ECO "B22"]
[Time "16:53:27"]
[TimeControl "2700+45"]

1. e4 c5 2. c3 d6 3. d4 cxd4 4. cxd4 Nf6 5. Nc3 g6 6. Be3 Bg7 7. Qd2 e6 8. Nf3
O-O 9. O-O-O Nc6 10. Kb1 Re8 11. Bh6 Bxh6 12. Qxh6 Ng4 13. Qd2 Qf6 14. h3 Nh6
15. Qxh6 e5 16. dxe5 dxe5 17. Nd5 Qd6 18. Ng5 {Black resigns} 1-0

[Event "Team 45 45 League T51"]
[Site "Internet Chess Club"]
[Date "2011.11.20"]
[Round "2"]
[White "King-Ghost"]
[Black "Zumbi"]
[Result "0-1"]
[WhiteElo "2099"]
[BlackElo "2185"]
[Opening "Benoni defense"]
[ECO "A56"]
[Time "20:05:38"]
[TimeControl "2700+45"]

1. d4 Nf6 2. c4 c5 3. dxc5 e6 4. a3 a5 5. Be3 Ng4 6. Bd4 e5 7. h3 exd4 8. hxg4
Bxc5 9. Qd3 h6 10. Rh5 d6 11. g5 Bg4 12. Qe4+ Be6 13. gxh6 Rxh6 14. Rxh6 gxh6
15. Nd2 Nc6 16. Nh3 Qf6 17. Nf4 O-O-O 18. g3 d3 19. Nxd3 Bd4 20. Rb1 Bf5 21. Qf3
Re8 22. e3 Qg5 23. Qf4 Qg6 24. Rd1 Bxd3 25. Nb3 Bxf1 26. Nxd4 Nxd4 27. Qxd4 Bg2
28. b4 Bf3 29. Rc1 Qe4 30. Qf6 Bh5 31. c5 Qd3 32. cxd6+ Kb8 33. Qb2 Qxd6 34.
bxa5 Bf3 35. Qb4 Rd8 36. Qf4 Qxf4 37. exf4 Rd3 38. a6 bxa6 {White resigns} 0-1

[Event "Team 45 45 League T51"]
[Site "Internet Chess Club"]
[Date "2011.11.20"]
[Round "2"]
[White "grabuark"]
[Black "LittleWarrior"]
[Result "1-0"]
[WhiteElo "2089"]
[BlackElo "1916"]
[Opening "Caro-Kann: advance variation"]
[ECO "B12"]
[Time "19:00:39"]
[TimeControl "2700+45"]

1. e4 c6 2. d4 d5 3. e5 Bf5 4. h4 h5 5. c4 Bxb1 6. Rxb1 Qa5+ 7. Bd2 Qxa2 8. Rh3
Qa6 9. Ra3 e6 10. Rxa6 Nxa6 11. cxd5 Nb8 12. dxe6 fxe6 13. Qb3 {Black resigns}
1-0